[Event "*** Titled Tuesday 3|2 Blitz"]
[Site "Chess.com"]
[Date "2017.03.07"]
[Round "1"]
[White "daro94"]
[Black "Abrito99"]
[Result "1-0"]
[WhiteElo "2683"]
[BlackElo "2371"]
[TimeControl "180+2"]
[EndTime "13:11:14 PST"]
[Termination "daro94 won by resignation"]

1. Nf3 Nf6 2. g3 g6 3. Bg2 Bg7 4.
O-O O-O 5. c4 d6 6. Nc3 Nbd7 7.
Rb1 c6 8. b4 a6 9. a4 Qc7 10. d3 e5 11. b5 axb5 12. axb5 c5 13. Ne1 Nb6 14. Nc2 Be6 15. Bg5 Ng4 16. h3 h6 17. Bd2 Nf6 18. e4 Ra7 19. Ra1 Rfa8 20. Rxa7 Rxa7 21. Ne3 Qb8 22. Qc2 Qa8 23. Rb1 Ra3 24. Bc1 Ra5 25. Rb2 Na4 26. Nxa4 Rxa4 27. Nd1 b6 28. Nc3 Ra5 29. Ra2 Nd7 30. Bd2 Ra3 31.
Qb2 Rxa2 32. Qxa2 Qxa2 33. Nxa2 Kh7 34. Nc3 Bf6 35. h4 h5 36. Kf1 Bd8 37. Ke2 Kg7 38. Na4 Bc7 39. Bc1 Kf8 40. Ke1 f6 41. Bd2 Kf7 42. f4 Ke7 43. Kf2 Ke8 44. Bf3 Kd8 45. Nc3 Ke8 46. Ke2 Bd8 47. f5 Bf7 48. g4 hxg4 49. Bxg4 Nf8 50. Kf3 gxf5 51. exf5 Nh7 52.
Kg3 Kf8 53. Bf3 Kg7 54. Kg4 Nf8 55. Bd5 Nh7 56. Bxf7 Kxf7 57. Nd5 Kg7 58. Kh5 Nf8 59. Bh6+ Kg8 60. Bxf8 Kxf8 61. Kg6 Ke8 62. Kg7 Kd7 63. h5 Ke8 64. h6 1-0

[Event "*** Titled Tuesday 3|2 Blitz"]
[Site "Chess.com"]
[Date "2017.03.07"]
[Round "1"]
[White "igorkovalenko"]
[Black "TheNextLevelFan"]
[Result "1-0"]
[WhiteElo "2679"]
[BlackElo "2358"]
[TimeControl "180+2"]
[EndTime "13:11:18 PST"]
[Termination "igorkovalenko won by resignation"]

1. e4 e5 2. Nf3 Nc6 3. Bb5 a6 4.
Ba4 Nf6 5. d3 d6 6. c4 Be7 7. h3 O-O 8. Be3 h6 9. Nc3 Be6 10. Qd2 Nh7 11. Nd5 f5 12. exf5 Bxf5 13. Bb3 Kh8 14. d4 e4 15. Ng1 Bg5 16. O-O-O b5 17. cxb5 axb5 18. Ne2 Na5 19. Nec3 c6 20. Bxg5 Nxg5 21. Ne3 Nxb3+ 22. axb3 Be6 23. Kc2 Qd7 24. Ra1 Qf7 25. d5 cxd5 26. Rxa8 Rxa8 27. Nxb5 d4 28. Nxd4 Rb8 29. Ra1 Bxb3+ 30. Nxb3 Qxb3+ 31. Kb1 Ne6 32. Ra7 Nc5 33. Qd4 Qd3+ 34. Qxd3 Nxd3 35. Nd1 Rf8 36. Re7 d5 37. Kc2 Nxf2 38. Nc3 Rd8 39. Re5 Nd3 40. Rf5 Rb8 41. Nxd5 Rxb2+ 42. Kc3 Rxg2 43. Kd4 Rg3 44. h4 Kh7 45. Rf7 Kg6 46. Re7 Nf2 47. Ke5 Kh5 48. Rf7 Kxh4 49. Rxf2 e3 50. Re2 g5 51.
Nxe3 Rf3 52. Nf5+ Kg4 53. Nxh6+ Kh3 54. Re4 Rf4 55. Re3+ Kg2 56. Nf5 Rf3 57. Re4 Kh3 58.
Nh6 Rf4 59. Re3+ Kg2 60. Nf5 Rf3 61. Re2+ Kh3 62. Nd4 Rf4 63. Ne6 Rg4 64. Kf5 Ra4 65. Nxg5+ Kg3 66. Re3+ Kf2 67. Rb3 Kg2 68. Ne4 Ra8 69.
Rg3+ Kh2 70. Kf4 Rf8+ 71. Ke3 Re8 72. Rg6 Rf8 73. Nf6 Ra8 74. Ne4 Rf8 75. Ng5 Kh1 76.
Ke2 Kh2 77. Nf3+ Kh3 78. Kf2 Rg8 79. Ng1+ 1-0

[Event "*** Titled Tuesday 3|2 Blitz"]
[Site "Chess.com"]
[Date "2017.03.07"]
[Round "1"]
[White "KNVB"]
[Black "saraswathii"]
[Result "1-0"]
[WhiteElo "2499"]
[BlackElo "2180"]
[TimeControl "180+2"]
[EndTime "13:11:21 PST"]
[Termination "KNVB won by resignation"]

1. d4 d5 2. c4 c6 3. Nf3 Nf6 4.
e3 Bf5 5. Nc3 Nbd7 6. cxd5 cxd5 7. Qb3 Nb6 8. Bb5+ Bd7 9. Ne5 e6 10. Nxd7 Nfxd7 11. O-O Bd6 12. e4 dxe4 13. Nxe4 Bxh2+ 14. Kh1 Qh4 15. Qh3 Qxe4 16. Qxh2 O-O 17. Be3 Nf6 18.
Rad1 Nbd5 19. Bd3 Qg4 20. f3 Qh5 21. Bd2 Qxh2+ 22. Kxh2 Rfd8 23. g4 Ne7 24. Be3 Nc6 25. Kg3 Nd5 26. Bf2 Ndb4 27. Bb1 Rd6 28. a3 Na6 29. g5 Rad8 30. Rh1 g6 31. Rh4 Nc7 32.
Rdh1 Nxd4 33. Rxh7 Ne2+ 34. Kg4 Rd4+ 35. Be4 Kf8 36.
Bxd4 Rxd4 37. Rh8+ Ke7 38. Rb8 Nd5 39. Rxb7+ Kd6 40. Rxf7 Ne3+ 41. Kh3 Ke5 42. Re1 Nf4+ 43. Kg3 Neg2 44. Rg1 Rd2 45. Rf6 Nh5+ 46. Kh3 Nxf6 47. gxf6 Nf4+ 48. Kh4 Kxf6 49. Kg4 g5 50. b4 Ra2 51. b5 Rxa3 52. Rh1 Ra2 53. Rh6+ Kg7 54.
Rh7+ Kf6 55. Rh6+ Ke5 56. Kxg5 Rg2+ 57. Kh4 Rh2+ 58. Kg5 Nh3+ 59. Kg6 Rg2+ 60. Kf7 Ng5+ 61. Ke7 Rb2 62. Bc6 Rc2 63. Rf6 Rh2 64. f4+ Kd4 65.
fxg5 1-0

[Event "*** Titled Tuesday 3|2 Blitz"]
[Site "Chess.com"]
[Date "2017.03.07"]
[Round "1"]
[White "poummba"]
[Black "Noukii"]
[Result "1/2-1/2"]
[WhiteElo "2364"]
[BlackElo "2670"]
[TimeControl "180+2"]
[EndTime "13:11:26 PST"]
[Termination "Game drawn - insufficient material"]

1. e4 e5 2. Nf3 Nc6 3. Bc4 Nf6 4.
O-O Be7 5. d4 d6 6. dxe5 Nxe5 7.
Nxe5 dxe5 8. Qxd8+ Bxd8 9. Nd2 c6 10. Re1 O-O 11. Nf3 Re8 12. Ng5 Re7 13. Bd2 h6 14. Nf3 Bb6 15. h3 a5 16. Bc3 Nd7 17. a4 Bc5 18.
Rad1 Re8 19. Rd3 Bb4 20. Red1 Bxc3 21. Rxc3 Nb6 22. Bb3 Be6 23. Bxe6 Rxe6 24. b3 Kf8 25. Rc5 f6 26. Rd3 Re7 27. Nd2 Rd7 28. Rxd7 Nxd7 29.
Rc3 Ke7 30. Nc4 g6 31. Rd3 Nc5 32. Re3 b5 33. axb5 cxb5 34. Nb6 Ra6 35. Nd5+ Kf7 36. f3 b4 37. Re1 Ne6 38. Ra1 Nc5 39. Kf2 f5 40. Ke3 h5 41. h4 f4+ 42. Kd2 g5 43. hxg5 Kg6 44. Kc1 Kxg5 45. Kb2 Kh6 46. Rd1 Rg6 47. Rd2 Ne6 48. Nb6 Nd4 49. Nc4 a4 50. bxa4 Ra6 51. Nxe5 Ne6 52. Nc4 Kg5 53. Rd5+ Kh4 54. Rd6 Rxd6 55. Nxd6 Kg3 56. a5 Kxg2 57. a6 h4 58. a7 Nc7 59. e5 h3 60. e6 h2 61. e7 h1=Q 62. e8=Q Qg1 63. Qg8+ Kf2 64. Qxg1+ Kxg1 65. Nc4 Kf2 66. Nd2 Ke3 67. Kc1 Ke2 68. Nc4 Kxf3 69. Kd2 Ke4 70. Ke2 Kd4 71. Nb6 Kc3 72. a8=Q Nxa8 73. Nxa8 Kxc2 74.
Nb6 b3 75. Na4 Kb1 76. Kf3 Ka2 77. Nc3+ Ka3 78. Kxf4 b2 79. Ke3 Kb3 80. Nb1 Kc2 81.
Na3+ Kb3 82. Nb1 Ka2 83. Nc3+ Kb3 84. Nb1 Kc2 85. Na3+ Kc1 86. Kd3 b1=Q+ 87. Nxb1 1/2-1/2

[Event "*** Titled Tuesday 3|2 Blitz"]
[Site "Chess.com"]
[Date "2017.03.07"]
[Round "1"]
[White "LaStreetCmaMaison"]
[Black "promen1999"]
[Result "0-1"]
[WhiteElo "2506"]
[BlackElo "2293"]
[TimeControl "180+2"]
[EndTime "13:11:32 PST"]
[Termination "promen1999 won by resignation"]

1. e4 c5 2. Nf3 Nc6 3. b4 cxb4 4.
d4 d5 5. exd5 Qxd5 6. c4 Qa5 7. d5 Nb8 8. Nbd2 e6 9. Nb3 Qc7 10. Bg5 Nf6 11. Qd4 Be7 12. Rd1 exd5 13. cxd5 Qc3+ 14. Qxc3 bxc3 15. d6 Bd8 16. Bd3 O-O 17.
O-O Bg4 18. Rc1 Bxf3 19. gxf3 Nbd7 20. Rfd1 Nd5 21. Bxd8 Rfxd8 22. Be4 N5f6 23. Bxb7 Rab8 24. Ba6 Rb6 25. Bf1 Rc8 26. Rd3 g5 27. Bh3 Rcc6 28.
Rcxc3 Rxd6 29. Rxd6 Rxd6 30. Kf1 Ne5 31. Bf5 Nd5 32.
Rc8+ Kg7 33. Be4 Nf4 34. Ke1 f5 35. Rc7+ Kg6 36. Bb7 Ned3+ 37. Kf1 Nb4 38. Ke1 Nxa2 39. Nc5 Nc3 40. Rd7 Nd3+ 41. Kd2 Nb1+ 42. Kc2 Na3+ 43. Kc3 Nb5+ 44. Kc4 Nxc5 45. Re7 Nxb7 46. Kxb5 Nd8 47. Rxa7 Ne6 48. Kc4 Rd4+ 49. Kc3 Rf4 50. Kd2 Rxf3 51. Ke2 Nd4+ 52. Kf1 Rb3 53. Ra6+ Kh5 54. Ra7 Kg4 55. Kg2 Ne6 56. h3+ Rxh3 57. Ra4+ Nf4+ 58. Kg1 Rb3 59. Kh2 Kf3 60. Ra5 Kg4 61. Ra1 Rb2 62. Kg1 Nh3+ 63. Kg2 Rxf2+ 64. Kh1 Nf4 65. Rg1+ Kh3 66. Ra1 Rh2+ 67. Kg1 Ne2+ 0-1

[Event "*** Titled Tuesday 3|2 Blitz"]
[Site "Chess.com"]
[Date "2017.03.07"]
[Round "1"]
[White "Shivagami"]
[Black "Gergo85"]
[Result "0-1"]
[WhiteElo "1952"]
[BlackElo "2427"]
[TimeControl "180+2"]
[EndTime "13:11:36 PST"]
[Termination "Gergo85 won on time"]

1. d4 f5 2. Nf3 Nf6 3. g3 g6 4. Bg2 Bg7 5. O-O O-O 6. b3 a5 7. a4 d5 8. Ba3 Ne4 9. Ne5 Nd7 10.
f4 c6 11. c4 Nxe5 12. dxe5 Qb6+ 13. c5 Nxc5 14. Qd4 Nxa4 15. Qxb6 Nxb6 16. Bxe7 Re8 17.
Bc5 Nd7 18. Bd4 Bf8 19. Bc3 Bc5+ 20. Kh1 Bb6 21. b4 a4 22. Nd2 Nf8 23. Ra3 Bd8 24. Rfa1 b5 25. Nf3 Ne6 26. Nd4 Nxd4 27. Bxd4 Bd7 28. Bc5 Be7 29. Rc3 Bxc5 30. Rxc5 Kf7 31. Ra3 Ra7 32. Kg1 g5 33. e3 Kg6 34. Kf1 h5 35. h4 gxh4 36. gxh4 Kf7 37. Kf2 Rg8 38. Bf3 Rg4 39. Bxg4 fxg4 40. Kg3 Ra6 41. Rc1 Kg6 42. Re1 Bf5 43. Rc1 Kf7 44. Rac3 Bd7 45. Ra3 Ke7 46. Re1 Bf5 47. Rc1 Kd7 48. Rcc3 Be4 49.
Rc1 Bf3 50. Rcc3 Be2 51. Rc1 Bc4 52. e4 d4 53. Rd1 d3 54. f5 Ke7 55. f6+ Ke6 56.
Rd2 Kxe5 57. Rd1 Kxf6 58. Kf4 Ra8 59. e5+ Ke6 60. Ke4 Rf8 61. Re1 Rf3 62. Rd1 Rf5 63.
Kd4 Rxe5 64. Rd2 Rd5+ 65. Ke4 Kd6 66. Ra1 Re5+ 67. Kd4 Rf5 68. Re1 Rf4+ 69. Kc3 g3 70. Rg1 Rg4 71. Kb2 c5 72. Kc3 Kd5 0-1

[Event "*** Titled Tuesday 3|2 Blitz"]
[Site "Chess.com"]
[Date "2017.03.07"]
[Round "1"]
[White "AdrianaNikolova"]
[Black "AlexanderL"]
[Result "0-1"]
[WhiteElo "2304"]
[BlackElo "2600"]
[TimeControl "180+2"]
[EndTime "13:11:47 PST"]
[Termination "AlexanderL won by resignation"]

1. e4 e6 2. d4 d5 3. Nd2 c5 4.
Ngf3 cxd4 5. exd5 Qxd5 6. Bc4 Qd6 7. O-O Nf6 8. Nb3 Nc6 9. Nbxd4 Nxd4 10. Nxd4 a6 11. Bb3 Qc7 12. c3 Bd6 13. h3 Bh2+ 14. Kh1 Bf4 15. Qe2 O-O 16. Qf3 Bxc1 17. Raxc1 Rb8 18. Rfe1 b6 19. Qc6 Qxc6 20. Nxc6 Rb7 21. Rcd1 Rc7 22. Ne5 Bb7 23. Rd4 Rfc8 24. Red1 Kf8 25.
Nd7+ Nxd7 26. Rxd7 Ke8 27. R7d6 Bc6 28. f4 Ke7 29.
Kg1 a5 30. a3 b5 31. R6d4 h5 32.
Kf2 g6 33. Bc2 Bd5 34. Bd3 Rc5 35. Be4 Bxe4 36. Rxe4 Rc4 37. Ke3 Rxe4+ 38. Kxe4 h4 39.
Rd3 f5+ 40. Kf3 Rc4 41. g3 hxg3 42. Kxg3 b4 43. axb4 axb4 44. h4 Kf6 45. Kf3 Kg7 46. Rd7+ Kh6 47. Rd3 Kh5 48. Re3 bxc3 49. bxc3 Kxh4 50.
Rxe6 Rxc3+ 51. Ke2 Rg3 52. Kf2 Rg4 53. Kf3 Rg3+ 54. Kf2 Rg4 55. Kf3 Kh3 56. Rf6 Kh2 57. Rf7 Kg1 58. Rf8 Rh4 59. Rf6 Rh3+ 60. Ke2 Rg3 61. Re6 Kg2 62. Rf6 Rg4 63. Ke3 Kg3 64.
Re6 Rxf4 65. Rxg6+ Rg4 66. Rf6 Re4+ 67. Kd2 f4 68. Rg6+ Kf2 69. Rf6 f3 70. Kd3 Re8 71. Kd2 Kg2 72. Rg6+ Kf1 73. Rf6 f2 74. Rf7 Rg8 75. Kd3 Kg1 76. Ke2 Re8+ 77. Kd2 f1=Q 78. Rxf1+ Kxf1 0-1

[Event "*** Titled Tuesday 3|2 Blitz"]
[Site "Chess.com"]
[Date "2017.03.07"]
[Round "1"]
[White "Jadro9"]
[Black "Alexander_Moskalenko"]
[Result "0-1"]
[WhiteElo "2382"]
[BlackElo "2716"]
[TimeControl "180+2"]
[EndTime "13:13:13 PST"]
[Termination "Alexander_Moskalenko won by resignation"]

1. e4 c6 2. d4 d5 3. Nc3 dxe4 4.
Nxe4 Nf6 5. Nxf6+ exf6 6. Nf3 Bd6 7. Be3 O-O 8. Bd3 Re8 9. O-O Nd7 10. h3 Nf8 11. Nh4 Qa5 12. c4 Ng6 13. Nxg6 hxg6 14. a3 Qc7 15. b4 Be6 16. Rc1 Rad8 17. Qf3 f5 18. Rfe1 a6 19. Kh1 Be7 20. d5 Bc8 21.
Bb1 cxd5 22. cxd5 Qd6 23. Ba2 Qf6 24. Bc5 Bd6 25. Bxd6 Qxd6 26. Qc3 Rxe1+ 27. Rxe1 Kf8 28. Kg1 Bd7 29. Qd4 g5 30. h4 g4 31. h5 Re8 32.
Rxe8+ Bxe8 33. Qe3 b6 34. Qc3 f6 35. Bc4 Bxh5 36.
Qd3 b5 37. Bb3 Bg6 38. Qc3 Be8 39. Qc5 Ke7 40. Qa7+ Bd7 41. Qe3+ Kf7 42. Qc3 g5 43. Qc5 Ke7 44. Qe3+ Kd8 45. Qc5 Qxc5 46. bxc5 Kc7 47.
Kf1 f4 48. Ke2 Bf5 49. g3 fxg3 50. fxg3 a5 51. Ke3 Bg6 52. Kd4 Kd7 53. d6 Bf5 54.
Bd1 Be6 55. a4 b4 56. Be2 Bb3 57. Bb5+ Ke6 58. d7 Ke7 59. c6 Be6 60. Kc5 f5 61. Kb6 Bxd7 62. cxd7 Kd8 63. Kxa5 b3 64. Kb4 b2 65.
Bd3 f4 66. a5 Kxd7 67. a6 Kc7 68. gxf4 g3 69. Be4 g2 70. a7 g1=Q 71. a8=Q b1=Q+ 72. Bxb1 Qxb1+ 73. Kc5 Qf5+ 74. Qd5 Qxf4 75. Qc6+ Kd8 76.
Qd5+ Ke7 77. Qb7+ Kf6 78. Qc6+ Kg7 79. Qd7+ Kg6 80. Qe6+ Kh5 81. Qe8+ Kh4 82. Qh8+ Kg4 83. Kd5 Qf5+ 84. Kd4 Kg3 85. Ke3 Qf4+ 86. Ke2 g4 87. Qc3+ Kh2 88. Qh8+ Kg2 0-1

[Event "*** Titled Tuesday 3|2 Blitz"]
[Site "Chess.com"]
[Date "2017.03.07"]
[Round "2"]
[White "TheNextLevelFan"]
[Black "alexsuper1987"]
[Result "1-0"]
[WhiteElo "2363"]
[BlackElo "2189"]
[TimeControl "180+2"]
[EndTime "13:16:02 PST"]
[Termination "TheNextLevelFan won by resignation"]

1. d4 d5 2. c4 dxc4 3. Nc3 e5 4.
d5 Nf6 5. e4 b5 6. Nxb5 Nxe4 7.
Bxc4 Bb4+ 8. Kf1 Qh4 9. Qe2 Nxf2 10. Nf3 Qe4 11. Kxf2 Bc5+ 12. Kf1 1-0

[Event "*** Titled Tuesday 3|2 Blitz"]
[Site "Chess.com"]
[Date "2017.03.07"]
[Round "2"]
[White "AungTZ"]
[Black "MFBerna"]
[Result "1-0"]
[WhiteElo "2064"]
[BlackElo "2158"]
[TimeControl "180+2"]
[EndTime "13:16:59 PST"]
[Termination "AungTZ won by resignation"]

1. e4 c5 2. Nf3 e6 3. d4 cxd4 4.
Nxd4 Nc6 5. Nc3 a6 6. Be3 Qc7 7.
Bd3 Nf6 8. O-O Be7 9. Kh1 O-O 10. f4 d6 11. a4 b6 12. Nxc6 Qxc6 13. e5 dxe5 14.
fxe5 Nd7 15. Be4 Qc7 16. Bxa8 Nxe5 17. Be4 Rd8 18. Qe2 Nc4 19. Bc1 g6 20. Bd3 Nd6 21. Bf4 Qc6 22. Rad1 Bb7 23. Bxd6 Bxd6 24. Be4 Qc7 25.
Bxb7 Qxb7 26. Qf3 Qe7 27. Ne4 1-0

[Event "*** Titled Tuesday 3|2 Blitz"]
[Site "Chess.com"]
[Date "2017.03.07"]
[Round "2"]
[White "Divertissement"]
[Black "jcgs1030"]
[Result "0-1"]
[WhiteElo "2406"]
[BlackElo "2305"]
[TimeControl "180+2"]
[EndTime "13:17:13 PST"]
[Termination "jcgs1030 won by resignation"]

1. g3 Nf6 2. Bg2 g6 3. e4 d6 4.
d3 Bg7 5. Nh3 O-O 6. O-O Bg4 7.
f3 Bxh3 8. Bxh3 b5 9. a4 b4 10. f4 Nbd7 11. Nd2 Nc5 12. Qe2 e5 13. Nc4 exf4 14.
Bxf4 d5 15. exd5 Nxd5 0-1

[Event "*** Titled Tuesday 3|2 Blitz"]
[Site "Chess.com"]
[Date "2017.03.07"]
[Round "2"]
[White "Dlugy"]
[Black "Abdodi"]
[Result "1-0"]
[WhiteElo "2670"]
[BlackElo "2012"]
[TimeControl "180+2"]
[EndTime "13:17:51 PST"]
[Termination "Dlugy won by resignation"]

1. d4 f5 2. Bf4 Nf6 3. e3 g6 4. h4 h6 5. c4 d6 6. Nc3 Bg7 7. Nf3 c6 8. c5 d5 9. Ne5 O-O 10.
Nxg6 Re8 11. Bd3 Kh7 12. Ne5 Rg8 13. g4 Ne4 14. gxf5 Nxc3 15. f6+ Ne4 16. Qh5 Qe8 17. f7 Qf8 1-0

[Event "*** Titled Tuesday 3|2 Blitz"]
[Site "Chess.com"]
[Date "2017.03.07"]
[Round "2"]
[White "denizozen"]
[Black "spectralsoul"]
[Result "1/2-1/2"]
[WhiteElo "2465"]
[BlackElo "2622"]
[TimeControl "180+2"]
[EndTime "13:17:56 PST"]
[Termination "Game drawn by repetition"]

1. e4 d6 2. d4 Nf6 3. Nc3 g6 4.
Nf3 a6 5. a4 Bg7 6. Be2 O-O 7.
O-O b6 8. e5 Ne8 9. Bf4 Bb7 10.
Re1 Nc6 11. Bc4 Nb4 12. e6 f5 13. Ng5 Nf6 14. Nf7 Qe8 15. Nh6+ Kh8 16. Nf7+ Kg8 17. Nh6+ Kh8 18. Nf7+ Kg8 1/2-1/2

[Event "*** Titled Tuesday 3|2 Blitz"]
[Site "Chess.com"]
[Date "2017.03.07"]
[Round "2"]
[White "Schemato"]
[Black "GulamaliRises"]
[Result "0-1"]
[WhiteElo "2294"]
[BlackElo "2523"]
[TimeControl "180+2"]
[EndTime "13:18:10 PST"]
[Termination "GulamaliRises won by resignation"]

1. c4 e5 2. g3 Nc6 3. Nc3 Nf6 4.
Bg2 g6 5. e4 Bg7 6. Nge2 O-O 7.
O-O Nd4 8. Nxd4 exd4 9. Ne2 d3 10. Nf4 Re8 11. Re1 d6 12. Nxd3 Bg4 13. f3 Bd7 14.
Nf4 c5 15. Rb1 Bc6 16. b3 Nd7 17. Bb2 Bxb2 18. Rxb2 Qf6 19. Rc2 Ne5 20. d3 h5 21.
h4 b5 22. Nd5 Bxd5 23. cxd5 a5 24. f4 Ng4 25. Bh3 Qd4+ 26. Kf1 Ne3+ 27. Rxe3 Qxe3 28. Kg2 Re7 29. Qf3 Qxf3+ 30. Kxf3 a4 31. b4 cxb4 32. Rb2 b3 33. axb3 a3 34. Ra2 b4 35. d4 Rc7 36. e5 Rc3+ 37. Ke4 f5+ 38. exf6 Kf7 39. Be6+ Kxf6 40. g4 hxg4 41. Bxg4 Rxb3 42. f5 Rb2 43. Ra1 a2 44. fxg6 Rb1 0-1

[Event "*** Titled Tuesday 3|2 Blitz"]
[Site "Chess.com"]
[Date "2017.03.07"]
[Round "2"]
[White "wnstop"]
[Black "bancsoo"]
[Result "0-1"]
[WhiteElo "2455"]
[BlackElo "2624"]
[TimeControl "180+2"]
[EndTime "13:18:40 PST"]
[Termination "bancsoo won by resignation"]

1. e4 e5 2. Nf3 Nc6 3. Bc4 Bc5 4.
O-O Nf6 5. d3 a6 6. c3 Ba7 7. Bb3 d6 8. Re1 O-O 9. h3 h6 10. Nbd2 Nh5 11. Nf1 Qf6 12. d4 exd4 13. cxd4 Nxd4 14. Nxd4 Bxd4 15. Be3 Bxe3 16. Nxe3 Nf4 17.
Rc1 c6 18. Ng4 Bxg4 19. Qxg4 Nd3 20. Qg3 Nxc1 21. Rxc1 Qxb2 22. Rd1 Qe5 23. Qd3 Rad8 24. f3 g6 25. Kh1 Kg7 26. Qd2 Rfe8 27. Rc1 h5 28. Qb4 Re7 29. Qb6 Rdd7 30. Rd1 d5 31. exd5 cxd5 32. Rd4 Qg3 33. Rd1 Re1+ 34. Rxe1 Qxe1+ 35. Kh2 Qe5+ 36. Kh1 Rc7 37. Qg1 Qf4 0-1

[Event "*** Titled Tuesday 3|2 Blitz"]
[Site "Chess.com"]
[Date "2017.03.07"]
[Round "2"]
[White "Grebeniuk-S"]
[Black "AnthonyWirig"]
[Result "1/2-1/2"]
[WhiteElo "2435"]
[BlackElo "2558"]
[TimeControl "180+2"]
[EndTime "13:18:57 PST"]
[Termination "Game drawn by repetition"]

1. d4 Nf6 2. Nf3 d6 3. Bg5 Ne4 4. Bh4 g6 5. Nbd2 Nxd2 6. Qxd2 Bg7 7. c3 d5 8. e3 c6 9. Bd3 O-O 10. h3 Nd7 11. O-O Nf6 12. Qc2 Be6 13. b4 a6 14.
a4 Re8 15. a5 Qc8 16. Nd2 Bf5 17. Bxf5 Qxf5 18. Qxf5 gxf5 19. Bxf6 Bxf6 20. Nb3 Rac8 21.
Nc5 Rc7 22. f4 h5 23. Kf2 e6 24. Rg1 Be7 25. g4 hxg4 26. hxg4 fxg4 27. Rxg4+ Kf8 28. Nd3 Bd6 29. Rag1 Ke7 30. Rg8 Rcc8 31. Rxe8+ Rxe8 32. Rh1 Rg8 33. Rh7 Kf8 34. Ne1 Rg7 35. Rh8+ Rg8 36. Rh7 Rg7 37. Rh8+ Rg8 38. Rh7 Rg7 39. Rh8+ 1/2-1/2

[Event "*** Titled Tuesday 3|2 Blitz"]
[Site "Chess.com"]
[Date "2017.03.07"]
[Round "2"]
[White "LawrenceTrent"]
[Black "RamonManon0g"]
[Result "1-0"]
[WhiteElo "2385"]
[BlackElo "2317"]
[TimeControl "180+2"]
[EndTime "13:19:04 PST"]
[Termination "LawrenceTrent won by checkmate"]

1. d4 Nf6 2. Bg5 e6 3. Nd2 h6 4. Bh4 c5 5. e4 cxd4 6. e5 g5 7. Bg3 Nd5 8. Ngf3 Nc6 9. h4 g4 10. Nh2 h5 11. Bd3 Bg7 12. Qe2 Qc7 13. Nc4 Bf8 14.
O-O Be7 15. Nd6+ Bxd6 16. exd6 Qb6 17. f3 Ne3 18. fxg4 Nxf1 19. Rxf1 Rg8 20. g5 Qc5 21. Qxh5 Nd8 22. Ng4 Kf8 23. Qh6+ Rg7 24. Be5 Qxe5 25. Nxe5 b6 26. Qh8+ Rg8 27. Ng6+ Ke8 28. Qxg8# 1-0

[Event "*** Titled Tuesday 3|2 Blitz"]
[Site "Chess.com"]
[Date "2017.03.07"]
[Round "2"]
[White "DrVelja"]
[Black "MatBobula"]
[Result "1-0"]
[WhiteElo "2529"]
[BlackElo "2277"]
[TimeControl "180+2"]
[EndTime "13:19:15 PST"]
[Termination "DrVelja won by resignation"]

1. e4 e6 2. d4 d5 3. Nd2 Nf6 4.
e5 Nfd7 5. f4 c5 6. Ngf3 Nc6 7.
Nb3 a5 8. a4 b6 9. c3 Ba6 10. Bxa6 Rxa6 11. O-O g6 12. Be3 h5 13. Nbd2 Qb8 14. Qe2 c4 15. b3 b5 16. axb5 Qxb5 17. bxc4 dxc4 18. Rfb1 Qd5 19. Nxc4 Ra8 20. Bf2 Be7 21. Rb5 1-0

[Event "*** Titled Tuesday 3|2 Blitz"]
[Site "Chess.com"]
[Date "2017.03.07"]
[Round "2"]
[White "OldweakGM"]
[Black "poummba"]
[Result "1-0"]
[WhiteElo "2610"]
[BlackElo "2361"]
[TimeControl "180+2"]
[EndTime "13:19:17 PST"]
[Termination "OldweakGM won by resignation"]

1. d4 g6 2. Nf3 Bg7 3. c4 d6 4. g3 Nf6 5. Bg2 O-O 6. O-O Nbd7 7.
Nc3 e5 8. b3 exd4 9. Nxd4 c6 10. h3 Re8 11. e4 Nc5 12. Re1 Qb6 13. Be3 Qa5 14. Bd2 Qb6 15. Bf4 Nfxe4 16. Bxe4 Nxe4 17. Nxe4 Bxh3 18. Nf3 Bg4 19. Kg2 f5 20. Nxd6 Rxe1 21. Qxe1 Bxa1 22. Qxa1 Bxf3+ 23. Kxf3 c5 24. Qf6 Qc6+ 25.
Ke2 Rf8 26. Qe6+ Kg7 27. Qe7+ Kg8 28. Be5 1-0

[Event "*** Titled Tuesday 3|2 Blitz"]
[Site "Chess.com"]
[Date "2017.03.07"]
[Round "2"]
[White "politeplayer"]
[Black "Schoenbrunn"]
[Result "1-0"]
[WhiteElo "2004"]
[BlackElo "1843"]
[TimeControl "180+2"]
[EndTime "13:19:21 PST"]
[Termination "politeplayer won on time"]

1. e4 e6 2. d3 d5 3. Nd2 Nf6 4. Ngf3 b6 5. exd5 exd5 6. Be2 Bd6 7.
O-O O-O 8. Re1 c5 9. Nf1 Nc6 10. Ng3 Qc7 11. Bg5 Nd7 12. c3 h6 13. Bd2 f5 14.
Qa4 f4 15. Nf1 g5 16. d4 c4 17. Qc2 Kg7 18. b3 Nf6 19. bxc4 1-0

[Event "*** Titled Tuesday 3|2 Blitz"]
[Site "Chess.com"]
[Date "2017.03.07"]
[Round "2"]
[White "amaidel"]
[Black "Fandorine"]
[Result "0-1"]
[WhiteElo "2452"]
[BlackElo "2610"]
[TimeControl "180+2"]
[EndTime "13:19:29 PST"]
[Termination "Fandorine won on time"]

1. e4 c5 2. Nf3 Nc6 3. Bb5 g6 4.
Bxc6 bxc6 5. O-O Bg7 6. Nc3 d6 7. d3 Nh6 8. h3 O-O 9. Be3 f5 10.
Qd2 Nf7 11. exf5 Bxf5 12. d4 cxd4 13. Nxd4 Bd7 14. Rfe1 c5 15. Nf3 Bc6 16. Ng5 Ne5 17. Ne6 Qd7 18. Nxf8 Rxf8 19. Rad1 Nf3+ 20. gxf3 Bxf3 0-1

[Event "*** Titled Tuesday 3|2 Blitz"]
[Site "Chess.com"]
[Date "2017.03.07"]
[Round "2"]
[White "FlameOak4464"]
[Black "VeraNebolsina"]
[Result "0-1"]
[WhiteElo "1775"]
[BlackElo "1696"]
[TimeControl "180+2"]
[EndTime "13:19:30 PST"]
[Termination "VeraNebolsina won by resignation"]

1. e4 c5 2. Nf3 d6 3. d4 cxd4 4.
Nxd4 Nf6 5. Nc3 a6 6. f3 e5 7.
Nb3 Be6 8. Be3 Be7 9. g4 Nbd7 10. Qd2 O-O 11. h4 b5 12. h5 b4 13. Nd5 Bxd5 14. exd5 Nb6 15. Qxb4 Nfxd5 16. Qd2 Nxe3 17. Qxe3 d5 18. Bd3 Bg5 19. Qe2 Bf4 20. Nd2 Na4 21.
O-O-O Qb6 22. b3 Qd4 0-1

[Event "*** Titled Tuesday 3|2 Blitz"]
[Site "Chess.com"]
[Date "2017.03.07"]
[Round "2"]
[White "Elshan1985"]
[Black "Hikaru"]
[Result "0-1"]
[WhiteElo "2491"]
[BlackElo "2902"]
[TimeControl "180+2"]
[EndTime "13:19:32 PST"]
[Termination "Hikaru won by resignation"]

1. d4 d5 2. Nf3 c6 3. c4 Nf6 4. e3 Qb6 5. Nbd2 Bf5 6. Be2 h6 7.
O-O e6 8. b3 Nbd7 9. Bb2 Be7 10.
c5 Qc7 11. b4 O-O 12. b5 b6 13. cxb6 axb6 14. a4 c5 15. dxc5 bxc5 16. Bc3 e5 17. b6 Qxb6 18. Nxe5 Nxe5 19. Bxe5 Rfd8 20. Qb3 Qe6 21.
Bb2 c4 22. Qa2 Ne4 23. Nxe4 Bxe4 24. Bd4 Bf6 25. Rfd1 Rdb8 26. a5 c3 27. a6 Rb2 0-1

[Event "*** Titled Tuesday 3|2 Blitz"]
[Site "Chess.com"]
[Date "2017.03.07"]
[Round "2"]
[White "saraswathii"]
[Black "Marreuh"]
[Result "0-1"]
[WhiteElo "2161"]
[BlackElo "2094"]
[TimeControl "180+2"]
[EndTime "13:19:50 PST"]
[Termination "Marreuh won by resignation"]

1. e4 c5 2. Nf3 d6 3. d3 Nc6 4. g3 g6 5. Bg2 Bg7 6. O-O e6 7. c3 Nge7 8. Na3 O-O 9. Nc2 d5 10. Qe2 b5 11. e5 Rb8 12. h4 h5 13. a3 a5 14. Bf4 b4 15. axb4 axb4 16. Rab1 Ba6 17. g4 hxg4 18. Ng5 Nf5 19. Rfd1 Nxh4 20.
Qxg4 Nxg2 21. Qh3 Re8 22. Kxg2 Nxe5 23. Rh1 Qf6 24. Qg3 Bxd3 25. Nh7 Qf5 26. Ne3 Qe4+ 27. f3 Nxf3 28. Qxf3 Bxb1 29. Bxb8 Qxf3+ 0-1

[Event "*** Titled Tuesday 3|2 Blitz"]
[Site "Chess.com"]
[Date "2017.03.07"]
[Round "2"]
[White "Dr-Bassem"]
[Black "B-man"]
[Result "1-0"]
[WhiteElo "2632"]
[BlackElo "2503"]
[TimeControl "180+2"]
[EndTime "13:19:53 PST"]
[Termination "Dr-Bassem won by resignation"]

1. e4 e5 2. Nf3 Nc6 3. Bb5 f5 4. d3 fxe4 5. dxe4 Nf6 6. Nc3 Bc5 7.
O-O d6 8. Bg5 O-O 9. Nd5 Kh8 10.
c3 Ne7 11. Bc4 Nexd5 12. Bxd5 Qe8 13. Bxf6 Rxf6 14. Nd2 Qg6 15. Kh1 Bxf2 16. Nf3 Bc5 17. b4 Bb6 18. Nh4 Qg5 19. Rxf6 Qxf6 20. Qh5 g6 21. Qh6 c6 22. Nxg6+ 1-0

[Event "*** Titled Tuesday 3|2 Blitz"]
[Site "Chess.com"]
[Date "2017.03.07"]
[Round "2"]
[White "SwiftyMcBishop"]
[Black "escher"]
[Result "1-0"]
[WhiteElo "2169"]
[BlackElo "2018"]
[TimeControl "180+2"]
[EndTime "13:20:08 PST"]
[Termination "SwiftyMcBishop won by resignation"]

1. e4 c5 2. Nf3 Nc6 3. c3 Nf6 4. e5 Nd5 5. d4 cxd4 6. cxd4 d6 7. Bc4 Nb6 8. Bb3 dxe5 9. Nxe5 Nxe5 10.
dxe5 Qxd1+ 11. Kxd1 e6 12. Nc3 Bd7 13. Ke2 Bb4 14. Be3 Bxc3 15. bxc3 Bb5+ 16. Kf3 Bc6+ 17. Kg3 h5 18. h4 Nd5 19. Bd2 O-O-O 20. Rhd1 Rd7 21.
Rac1 Rhd8 22. Kh2 Nxc3 23. Bxc3 1-0